 Dungeon Crawl Stone Soup version 0.21.1-1-g345015f (webtiles) character file.

2 Monsterracer the Chiller (level 1, -2/13 HPs)
             Began as a Human Ice Elementalist on Feb 17, 2018.
             Slain by a leopard gecko (3 damage)
             ... on level 1 of the Dungeon.
             The game lasted 00:00:23 (48 turns).

Monsterracer the Chiller (Human Ice Elementalist)     Turns: 48, Time: 00:00:23

Health: -2/13      AC:  2    Str:  8    XL:     1   Next: 44%
Magic:  1/3        EV: 12    Int: 15    God:
Gold:   0          SH:  0    Dex: 13    Spells: 3/4 levels left

rFire    . . .     SeeInvis .   (no weapon)
rCold    . . .     Gourm    .   (no shield)
rNeg     . . .     Faith    .   a - +0 robe
rPois    .         Spirit   .   (no helmet)
rElec    .         Reflect  .   (no cloak)
rCorr    .         Harm     .   (no gloves)
MR       .....                  (no boots)
Stlth    ++........             (no amulet)
HPRegen  0.04/turn              (no ring)
MPRegen  0.08/turn              (no ring)

@: no status effects
A: no striking features
a: no special abilities


You were on level 1 of the Dungeon.
You were not hungry.

You visited 1 branch of the dungeon, and saw 1 of its levels.

Inventory:

Armour
 a - a +0 robe (worn)
Books
 b - a book of Frost

   Spells                             Type                      Level
   a - Freeze                         Ice                          1
   b - Throw Frost                    Conjuration/Ice              2
   c - Ozocubu's Armour               Charms/Ice                   3
   d - Throw Icicle                   Conjuration/Ice              4
   e - Summon Ice Beast               Ice/Summoning                4
Comestibles
 c - a ration


   Skills:
 - Level 2.0 Dodging
 - Level 2.0 Stealth
 + Level 2.0 Spellcasting
   Level 1.0 Conjurations
 * Level 3.1 Ice Magic


You had 3 spell levels left.
You knew the following spells:

 Your Spells              Type           Power        Failure   Level  Hunger
a - Freeze                Ice            ##..         6%          1    #......


Dungeon Overview and Level Annotations

Branches:
Dungeon (1/15)

Altars:


Message History

Welcome, Monsterracer the Human Ice Elementalist.
It is said that the Orb of Zot exists deep within this dungeon.
Press ? for a list of commands and other information.
Found a staircase leading out of the dungeon.
As you open the door, it creaks loudly!
There is an open door here.
A hobgoblin comes into view. It is wielding a club.
A hobgoblin is nearby!
A hobgoblin comes into view. It is wielding a club.
The hobgoblin shouts!
You hear an angry hiss.
The hobgoblin shouts!
Found a glowing scarf.
There is a fountain of clear blue water here.
A leopard gecko comes into view.
There is an open door here.
Casting: Freeze
Confirm with . or Enter, or press ? or * to list all spells.
Aiming: Freeze
Press: ? - help, Shift-Dir - straight line, f - hobgoblin
Aim: a hobgoblin, wielding a club You freeze the hobgoblin.
The hobgoblin is moderately wounded.
You now have 2/3 mp.
Casting: Freeze
Confirm with . or Enter, or press ? or * to list all spells.
Aiming: Freeze
Press: ? - help, Shift-Dir - straight line, f/p - hobgoblin
Aim: a hobgoblin, wielding a club (moderately wounded)
You freeze the hobgoblin.
You kill the hobgoblin!
You now have 1/3 mp.
Casting: Freeze
Confirm with . or Enter, or press ? or * to list all spells.
Aiming: Freeze
Press: ? - help, Shift-Dir - straight line, f - hobgoblin
Aim: a hobgoblin, wielding a club You freeze the hobgoblin.
The hobgoblin is heavily wounded.
The hobgoblin hits you with a club.
You take 5 damage, and have 8/13 hp.
MASSIVE DAMAGE!!
You now have 0/3 mp.
There is a staircase leading out of the dungeon here.
The hobgoblin hits you with a club.
* * * LOW HITPOINT WARNING * * *
The leopard gecko closely misses you.
You take 4 damage, and have 4/13 hp.
MASSIVE DAMAGE!!
The leopard gecko closely misses you.
The hobgoblin hits you but does no damage.
The leopard gecko barely misses you.
The leopard gecko bites you but does no damage.
There is an open door here.
Casting: Freeze
Confirm with . or Enter, or press ? or * to list all spells.
Aiming: Freeze
Press: ? - help, Shift-Dir - straight line, f/p - hobgoblin
Aim: a hobgoblin, wielding a club (heavily wounded)
You freeze the hobgoblin.
You kill the hobgoblin!
You now have 0/3 mp.
The leopard gecko closely misses you. The leopard gecko bites you.
* * * LOW HITPOINT WARNING * * *
You take 3 damage, and have 1/13 hp.
MASSIVE DAMAGE!!
A giant cockroach, a hobgoblin and a gnoll come into view.
The giant cockroach bites you but does no damage.
You open the door. The leopard gecko bites you.
You die...

+...########
##..##.....# ...
#...)..<..# ...
#..##)....# ....
#..########
..... #..# ##...
##.# ...
#.#######'###...
#......l@.......
######.s........
#..........
#..........
#.g........
#..........
#...g......
######+#+#.


You could see a gnoll (sleeping), a leopard gecko, a giant cockroach and a
hobgoblin.

Vanquished Creatures
  2 hobgoblins (D:1)
2 creatures vanquished.

Notes
Turn   | Place    | Note
-------+----------+-------------------------------------------
     0 | D:1      | Monsterracer the Human Ice Elementalist began the quest for the Orb.
     0 | D:1      | Reached XP level 1. HP: 13/13 MP: 3/3
    29 | D:1      | HP: 4/13 [hobgoblin/club (4)]
    42 | D:1      | HP: 1/13 [leopard gecko (3)]
    48 | D:1      | Slain by a leopard gecko

Action                   || total
-------------------------++-------
 Cast: Freeze            ||     4
Armor: Robe              ||     3
Dodge: Dodged            ||     4

Vault maps used:
D:1:      dpeg_arrival_rooms_a, hex_tiny
